 Dungeon Crawl Stone Soup version 0.24.1-11-gbbbb2193e6 (webtiles) character file.

Game seed: 827428825670169497, levelgen mode: deterministic

141 FTLSpaceWarp the Covert (level 5, -1/26 HPs)
             Began as a Spriggan Assassin on May 11, 2020.
             Slain by a gnoll
             ... wielding a +0 spear
              (6 damage)
             ... on level 3 of the Dungeon.
             The game lasted 00:07:39 (3346 turns).

FTLSpaceWarp the Covert (Spriggan Assassin)         Turns: 3346, Time: 00:07:40

Health: -1/26      AC:  3    Str:  7    XL:     5   Next: 3%
Magic:  6/6        EV: 17    Int: 13    God:
Gold:   167        SH:  0    Dex: 18    Spells: 4/4 levels left

rFire    . . .     SeeInvis +   q - +2 dagger (speed)
rCold    . . .     Gourm    .   (shield restricted)
rNeg     . . .     Faith    .   b - +0 robe
rPois    .         Spirit   .   (helmet restricted)
rElec    .         Reflect  .   c - +0 cloak
rCorr    .         Harm     .   (gloves unavailable)
MR       .....                  (boots unavailable)
Stlth    ++++......             (no amulet)
HPRegen  0.08/turn              (no ring)
MPRegen  0.10/turn              (no ring)

@: very quick
A: very small, unfitting armour, see invisible, herbivore, speed 3, slow
metabolism 2
a: no special abilities


You were on level 3 of the Dungeon.
You were not hungry.

You visited 1 branch of the dungeon, and saw 3 of its levels.

You collected 167 gold pieces.

Inventory:

Hand Weapons
 a - a +2 dagger
 p - a +0 dagger of venom
 q - a +2 dagger of speed (weapon)
Missiles
 d - 24 poisoned darts (quivered)
 e - 2 curare-tipped darts
Armour
 b - a +0 robe (worn)
 c - a +0 cloak (worn)
Jewellery
 h - an uncursed ring of resist corrosion {unknown}
 C - an uncursed ring of fire {unknown}
Wands
 v - a wand of random effects (18)
Scrolls
 g - a scroll of magic mapping {unknown}
 i - 2 scrolls of fear {unknown}
 j - a scroll of enchant weapon {unknown}
 k - 2 scrolls of identify {unknown}
 n - 3 scrolls of amnesia {unknown}
 o - a scroll of fog {unknown}
 r - a scroll of teleportation {unknown}
 s - 2 scrolls of remove curse {unknown}
 w - a scroll of blinking {unknown}
 y - a scroll of noise {unknown}
Potions
 l - 2 potions of mutation {unknown}
 m - a potion of degeneration {unknown}
 t - 2 potions of berserk rage
 u - a potion of cancellation {unknown}
 x - 2 potions of flight {unknown}
 z - a potion of lignification {unknown}
 A - a potion of curing {unknown}
 B - a potion of heal wounds {unknown}
Comestibles
 f - 4 rations


   Skills:
 + Level 1.7 Fighting
 + Level 3.0 Short Blades
 + Level 2.3 Throwing
 - Level 1.5 Dodging
 * Level 8.8 Stealth


You had 4 spell levels left.
You didn't know any spells.
Your spell library was empty.

Dungeon Overview and Level Annotations

Branches:
Dungeon (3/15)

Altars:


Innate Abilities, Weirdness & Mutations

You are very small and have problems with some larger weapons.
You are too small for most types of armour.
You have supernaturally acute eyesight. (SInv)
You are a herbivore.
You cover ground extremely quickly.
You need to consume almost no food.


Message History

The gnoll hits you with a +0 club. The gnoll completely misses you.
You hit the gnoll but do no damage.
The gnoll is moderately wounded.
The gnoll misses you.
You hit the gnoll.
The gnoll is moderately wounded.
The gnoll misses you. The gnoll closely misses you.
You hit the gnoll.
The gnoll is heavily wounded.
The gnoll looks more healthy.
You hit the gnoll.
The gnoll is severely wounded.
The gnoll hits you with a +0 spear! The gnoll hits you with a +0 club.
* * * LOW HITPOINT WARNING * * *
You hit the gnoll but do no damage.
The gnoll is severely wounded.
You barely miss the gnoll.
The gnoll is severely wounded.
The gnoll hits you with a +0 spear.
You die...

#.........#
#.........#
#.........#
#.........#
#.........#
#####################
#. #.).........# #.
#.#########g#########
##. #.# #..@gg(.....
... #.# #..#########
#. #.# #..# #. #.#
#..# #. #.# #..# #.
#.# #... ## #.# ...#
# #.# ..?. #.#


You could see 3 gnolls.

Vanquished Creatures
  Terence (D:2)
  4 adders (D:2)
  A worm (D:2)
  A dart slug (D:1)
  4 leopard geckos
  2 orcs (D:3)
  4 giant cockroaches
  4 goblins
  7 hobgoblins
  2 jackals (D:2)
  3 quokkas (D:2)
  5 ball pythons
  7 bats
  2 frilled lizards
  11 kobolds
  10 rats
68 creatures vanquished.

Notes
Turn   | Place    | Note
-------+----------+-------------------------------------------
     0 | D:1      | FTLSpaceWarp the Spriggan Assassin began the quest for the
                  | Orb.
     0 | D:1      | Reached XP level 1. HP: 10/10 MP: 2/2
    23 | D:1      | Reached skill level 6 in Stealth
   263 | D:1      | Reached XP level 2. HP: 14/14 MP: 3/3
   658 | D:1      | Reached skill level 7 in Stealth
   927 | D:2      | Reached XP level 3. HP: 12/18 MP: 4/4
  1537 | D:2      | Noticed Terence
  1800 | D:2      | Killed Terence
  1800 | D:2      | Reached skill level 8 in Stealth
  1800 | D:2      | Reached XP level 4. HP: 9/23 MP: 5/5
  3198 | D:3      | Reached XP level 5. HP: 26/26 MP: 6/6
  3346 | D:3      | Slain by a gnoll

Levels and vault maps discovered:
D:1:      roderic_octagonal_star, layout_loops_corners
D:2:      layout_basic, uniq_terence
D:3:      layout_basic, first_ration, minmay_shallow_snake_nest

Skill      XL: |  1  2  3  4 |
---------------+-------------+-----
Stealth        | 6 7 8 |  8.8
Short Blades   | 3 |  3.0
Fighting       | |  1.7
Throwing       | |  2.3
Dodging        | |  1.5

Action                   |  1- 3 |  4- 6 || total
-------------------------+-------+-------++-------
Melee: Dagger            |    94 |   113 ||   207
Throw: Dart              |    14 |     8 ||    22
 Stab: Sleeping          |    18 |     8 ||    26
Armor: Robe              |     6 |    42 ||    48
Dodge: Dodged            |    58 |   112 ||   170
